AoeStats
← tobinho_125

Black Forest

509169596Analyzed
4v4 RM · 6d ago on Sep 25, 2026· 48m 16s· 8 players
Game mode
Random Map
Map size
Large (8 player)
Population
200
Speed
Normal
Resources
Standard
Victory
Conquest
Starting age
Dark Age
Ending age
Imperial Age
RankedLock teamsTeams togetherTeam positionsShared explorationLock speedFull tech treeHidden civsTurbo modeCheats
Victory
Defeat
🇹🇷 Khmer · Türkiye
1001
+13
🇺🇸 Turks · United States
998
+13
🇧🇷 Persians · Brazil
992
+13
🇩🇪 Romans · Germany
981
+13
🇺🇸 Tatars · United States
937
-39
🇦🇷 Chinese · Argentina
931
-13
🇦🇷 Gurjaras · Argentina
930
-13
🇦🇷 Aztecs · Argentina
922
-13
E1jefe28
0:31 Loom
14:11 Feudal Age
18:46 Castle Age
17:39 Double-Bit Axe
17:37 Horse Collar
21:03 Bow Saw
20:58 Heavy Plow
21:36 Wheelbarrow
28:12 Gold Mining
33:01 Imperial Age
32:18 Gold Shaft Mining
34:21 Heavy Camel Rider
35:04 Artillery
35:26 Conscription
35:32 Bloodlines
35:22 Husbandry
36:35 Hand Cart
37:25 Two-Man Saw
37:49 Thumb Ring
37:57 Caravan
39:26 Scale Barding Armor
39:31 Forging
39:22 Padded Archer Armor
tobinho_125
12:45 Feudal Age
11:54 Loom
18:12 Castle Age
17:17 Double-Bit Axe
18:21 Wheelbarrow
17:46 Gold Mining
18:15 Padded Archer Armor
21:14 Caravan
23:15 Bow Saw
24:13 Town Watch
26:57 Pikeman
27:59 Man-at-Arms
28:31 Horse Collar
29:14 Stone Mining
29:16 Gold Mining
29:28 Long Swordsman
30:58 Hand Cart
30:43 Town Patrol
33:35 Imperial Age
32:23 Scale Barding Armor
32:21 Scale Mail Armor
32:32 Forging
32:37 Leather Archer Armor
33:42 Heavy Plow
34:43 Ballistics
34:30 Siege Engineers
35:27 Chemistry
33:50 Legionary
33:50 Halberdier
34:48 Capped Ram
34:49 Heavy Scorpion
35:36 Onager
37:47 Conscription
38:02 Chain Mail Armor
38:22 Iron Casting
38:18 Ring Archer Armor
37:38 Fletching
38:11 Ballistas
38:49 Gold Shaft Mining
38:47 Crop Rotation
43:35 Comitatenses
42:46 Siege Ram
MESSIKNIGHT
0:28 Loom
12:08 Feudal Age
12:35 Double-Bit Axe
18:43 Castle Age
17:40 Horse Collar
18:07 Gold Mining
19:22 Bow Saw
19:23 Stone Mining
20:31 Heavy Plow
23:18 Wheelbarrow
24:53 Fervor
25:50 Hand Cart
25:46 Fishing Lines
27:57 Caravan
28:07 Gillnets
29:20 Stone Shaft Mining
29:26 Town Watch
33:42 Imperial Age
32:20 Fletching
32:41 Forging
32:53 Scale Barding Armor
33:37 Gold Shaft Mining
33:19 Scale Mail Armor
32:42 Pikeman
33:22 Squires
35:02 Two-Man Saw
34:35 Crop Rotation
34:43 Chain Barding Armor
34:55 Conscription
35:51 Iron Casting
35:24 Thumb Ring
35:33 Kamandaran
36:31 Plate Barding Armor
36:16 Crossbowman
38:06 Chemistry
37:48 Elite War Elephant
38:13 Elite Skirmisher
38:51 Bodkin Arrow
38:58 Padded Archer Armor
40:00 Blast Furnace
38:42 Halberdier
39:08 Gambesons
39:09 Arson
40:57 Leather Archer Armor
40:58 Chain Mail Armor
40:59 Bloodlines
40:09 Light Cavalry
40:50 Husbandry
42:26 Hussar
43:03 Heavy Scorpion
45:20 Plate Mail Armor
45:21 Ring Archer Armor
46:14 Heavy Camel Rider
46:15 Cavalier
47:14 Capped Ram
DEV
2:55 Loom
11:46 Feudal Age
16:07 Castle Age
14:35 Double-Bit Axe
14:33 Horse Collar
15:00 Stone Mining
24:04 Wheelbarrow
24:27 Bow Saw
24:42 Heavy Plow
26:23 Hand Cart
26:45 Town Watch
28:00 Town Patrol
31:22 Imperial Age
30:05 Padded Archer Armor
29:55 Fletching
30:29 Ballistics
30:05 Murder Holes
30:23 Gold Mining
31:24 Stone Shaft Mining
31:06 Masonry
31:13 Leather Archer Armor
32:31 Gold Shaft Mining
31:57 Bodkin Arrow
32:36 Conscription
33:21 Crop Rotation
33:29 Ring Archer Armor
32:59 Bracer
34:23 Chemistry
33:29 Siege Engineers
33:31 Caravan
33:56 Scale Barding Armor
34:05 Husbandry
34:16 Bloodlines
35:16 Forging
35:39 Architecture
35:57 Double Crossbow
35:48 Elite Ballista Elephant
37:27 Hoardings
37:00 Arson
36:36 Pikeman
38:05 Chain Barding Armor
38:20 Iron Casting
40:46 Light Cavalry
41:40 Hussar
44:41 Blast Furnace
44:17 Plate Barding Armor
48:18 Scale Mail Armor
Madoe
13:30 Feudal Age
14:05 Horse Collar
14:31 Double-Bit Axe
14:56 Gold Mining
15:01 Stone Mining
19:53 Wheelbarrow
19:04 Town Watch
19:10 Loom
19:11 Town Watch
24:30 Castle Age
23:43 Bloodlines
25:30 Husbandry
34:04 Town Patrol
34:20 Hand Cart
37:02 Gold Shaft Mining
36:41 Bow Saw
39:23 Imperial Age
40:59 Elite Steppe Lancer
FATIGA
5:56 Loom
11:17 Feudal Age
11:52 Double-Bit Axe
11:50 Horse Collar
13:08 Wheelbarrow
18:46 Castle Age
17:18 Stone Mining
17:21 Gold Mining
19:12 Forging
19:03 Scale Mail Armor
26:24 Bow Saw
26:53 Gambesons
27:50 Hand Cart
27:42 Heavy Plow
28:31 Iron Casting
29:25 Town Watch
32:35 Imperial Age
29:50 Eagle Warrior
29:52 Man-at-Arms
30:33 Squires
30:41 Padded Archer Armor
31:06 Chain Mail Armor
31:21 Town Patrol
32:29 Long Swordsman
34:22 Blast Furnace
33:53 Plate Mail Armor
33:48 Garland Wars
33:29 Two-Handed Swordsman
33:39 Elite Eagle Warrior
35:05 Champion
37:23 Arson
Ajusticio giles
0:28 Loom
12:14 Feudal Age
19:08 Castle Age
17:56 Horse Collar
18:03 Double-Bit Axe
20:12 Heavy Plow
20:22 Bow Saw
27:50 Wheelbarrow
30:08 Imperial Age
29:12 Hand Cart
29:10 Forging
29:05 Scale Barding Armor
30:21 Heavy Camel Rider
31:11 Husbandry
31:39 Chain Barding Armor
31:55 Iron Casting
31:23 Caravan
31:31 Gold Mining
34:12 Chemistry
34:02 Bloodlines
35:18 Plate Barding Armor
35:45 Crop Rotation
35:52 Conscription
37:02 Gold Shaft Mining
37:31 Frontier Guards
37:37 Scale Mail Armor
38:33 Elite Chakram Thrower
39:31 Chain Mail Armor
39:49 Ballistics
39:25 Murder Holes
40:44 Plate Mail Armor
Fedenyahu
11:49 Loom
14:00 Feudal Age
14:23 Horse Collar
14:33 Double-Bit Axe
20:05 Wheelbarrow
23:36 Castle Age
22:31 Fletching
22:42 Padded Archer Armor
22:44 Gold Mining
22:48 Stone Mining
23:35 Town Watch
25:46 Gold Shaft Mining
25:16 Heavy Plow
25:29 Bow Saw
26:35 Bodkin Arrow
26:56 Leather Archer Armor
28:46 Hand Cart
28:59 Town Patrol
29:57 Caravan
30:27 Coinage
33:57 Stone Shaft Mining
37:00 Imperial Age
36:58 Ballistics
36:50 Fortified Wall
36:35 Murder Holes
36:51 Masonry
37:27 Elite Chu Ko Nu
38:30 Conscription
38:52 Banking
38:55 Rocketry
40:20 Elite Skirmisher
41:06 Thumb Ring
41:05 Bracer
41:36 Ring Archer Armor
40:59 Pikeman
41:40 Squires
41:26 Arson
Connection lost

Rejoining the realm…

Still unreachable

The connection could not be restored.

Session expired

The server has moved on; the page needs a fresh start.